 Dungeon Crawl Stone Soup version 0.21-a0-251-g5e8393f (webtiles) character file.

204 namelastname112 the Slasher (level 5, -2/63 HPs)
             Began as a Demigod Warper on Sept 5, 2017.
             Slain by an ogre
             ... wielding a cursed -1 giant club
              (15 damage)
             ... on level 4 of the Dungeon.
             The game lasted 00:05:47 (4674 turns).

namelastname112 the Slasher (Demigod Warper)        Turns: 4674, Time: 00:05:47

Health: -2/63      AC: 22    Str: 16    XL:     5   Next: 26%
Magic:  10/10      EV:  2    Int: 19    God:
Gold:   128        SH:  4    Dex: 15    Spells: 7/7 levels left

rFire    . . .     SeeInvis +   a - +0 falchion
rCold    . . .     Gourm    .   (no shield)
rNeg     + + +     Faith    .   (armour currently unavailable)
rPois    +         Spirit   .   (helmet currently unavailable)
rElec    .         Reflect  +   (cloak currently unavailable)
rCorr    .         Harm     .   (gloves currently unavailable)
MR       .....     NoTele   +   (boots currently unavailable)
Stlth    +.........             p - +4 amulet of reflection
HPRegen  0.20/turn              k - ring of see invisible
MPRegen  0.12/turn              (no ring)

@: tree-form
A: clever 1, high mp 1, mutation resistance 1
a: no special abilities


You were on level 4 of the Dungeon.
You were not hungry.
You were a tree.
You visited 1 branch of the dungeon, and saw 4 of its levels.

You collected 128 gold pieces.

Inventory:

Hand Weapons
 a - a +0 falchion (weapon)
Missiles
 e - 5 tomahawks of dispersal (quivered)
Armour
 l - a +0 ring mail (melded)
Jewellery
 k - a ring of see invisible (left branch)
 p - a +4 amulet of reflection (around neck)
 t - a cursed ring of loudness {unknown}
Wands
 h - a wand of flame (37/48)
 n - a wand of flame (15/48)
Scrolls
 d - 5 scrolls of blinking
 g - a scroll of teleportation
 i - 2 scrolls of remove curse
Potions
 b - a potion of curing
 j - a potion of resistance
 o - a potion of haste
 q - 3 potions of flight
Books
 c - a book of Spatial Translocations

   Spells                             Type                      Level
   a - Blink                          Translocation                2
   b - Shroud of Golubria             Charms/Translocation         2
   c - Lesser Beckoning               Translocation                3
   d - Gell's Gravitas                Translocation                3
   e - Teleport Other                 Translocation                3
   f - Passage of Golubria            Translocation                4
Comestibles
 f - a bread ration
 m - 2 meat rations


   Skills:
 + Level 2.7 Fighting
 * Level 3.6 Long Blades
 - Level 0.8 Throwing
 + Level 2.4 Armour
 + Level 2.6 Dodging
 - Level 1.7 Spellcasting
   Level 2.6 Translocations


You had 7 spell levels left.
You didn't know any spells.

Dungeon Overview and Level Annotations

Branches:
Dungeon (4/15)
 Temple: D:4-7

Annotations:
D:3 epen's ghost, amateur DrMo
D:4 Dowan; Duvessa; Sigmund


Innate Abilities, Weirdness & Mutations

You have an increased reservoir of magic. (+10% MP)
Your mind is acute. (Int +2)
You are somewhat resistant to further mutation.


Message History

You hear the quick hiss of a very distant avalanche of sand.
There is a stone staircase leading up here.
An ogre comes into view. It is wielding a giant club.
The ogre shouts!
You see here 29 bolts.
You hear the quick hiss of a distant avalanche of sand.
The ogre hits you with a giant club!
* * * LOW HITPOINT WARNING * * *
You take 11 damage, and have 11/42 hp.
MASSIVE DAMAGE!!
Duvessa shouts!
It was a potion of lignification.
You turn into a tree.
Your +0 ring mail melds into your body.
Your roots penetrate the ground.
The ogre hits you with a giant club!
* * * LOW HITPOINT WARNING * * *
You now have 1/63 hp.
You feel better. The ogre hits you but does no damage.
You regained 11 hp, and now have 12/63 hp.
You hit the ogre but do no damage. Duvessa hits you but does no damage.
You barely miss the ogre. The ogre hits you with a giant club!
You die...

#.# #.# #.#.
#.#
#.#######.# .
.. #.#
#.........#
.# ..
#####.#####
.. ..
#........#
#.###........
#.# ####e####
#O######.#
#.♣e.....#
##########


You could see Duvessa and an ogre.

Vanquished Creatures
  An orc wizard (D:3)
  A centaur skeleton (D:4)
  A worker ant (D:4)
  3 adders
  3 worms
  4 dart slugs
  A leopard gecko (D:1)
  12 orcs
  4 bats
  4 giant cockroaches
  2 goblins
  8 hobgoblins
  2 jackals (D:1)
  2 quokkas (D:2)
  3 ball pythons
  7 kobolds
  11 rats
69 creatures vanquished.

Notes
Turn   | Place    | Note
-------+----------+-------------------------------------------
     0 | D:1      | namelastname112 the Demigod Warper began the quest for the Orb.
     0 | D:1      | Reached XP level 1. HP: 17/17 MP: 5/5
     5 | D:1      | Reached skill level 1 in Armour
   116 | D:1      | Reached skill level 2 in Long Blades
   386 | D:1      | Reached XP level 2. HP: 16/24 MP: 7/7
   891 | D:2      | Found a white marble altar of Elyvilon.
   905 | D:2      | Reached XP level 3. HP: 22/29 MP: 8/8
  1442 | D:2      | HP: 1/29 [worm (1)]
  1961 | D:3      | Found a shattered altar of Ashenzari.
  1972 | D:3      | Noticed epen's ghost (amateur DrMo)
  2859 | D:3      | Reached XP level 4. HP: 13/37 MP: 9/9
  3099 | D:3      | Reached skill level 3 in Long Blades
  4281 | D:4      | Gained mutation: You are somewhat resistant to further mutation. [potion of mutation]
  4281 | D:4      | Gained mutation: Your mind is acute. (Int +2) [potion of mutation]
  4289 | D:4      | Reached XP level 5. HP: 5/42 MP: 10/10
  4304 | D:4      | HP: 2/42 [poisoned by a worker ant]
  4515 | D:4      | Noticed Duvessa
  4515 | D:4      | Noticed Dowan
  4519 | D:4      | Noticed Sigmund
  4648 | D:4      | Noticed an ogre
  4671 | D:4      | HP: 1/63 [ogre/giant club (17)]
  4674 | D:4      | Slain by an ogre

Vault maps used:
D:1:      minmay_arrival_plants_in_alcoves
D:2:      elyvilon_altar_1
D:3:      ashenzari_conservatory_becter
D:4:      grunt_temple_overflow_open, enter_ossuary_4, serial_shops,
          kennysheep_mini, uniq_pikel, uniq_sigmund, uniq_duvessa, uniq_ijyb

Skill      XL: |  1  2  3  4 |
---------------+-------------+-----
Armour         | 1 2 |  2.4
Long Blades    | 2 3 |  3.6
Fighting       | 2 |  2.7
Dodging        | 2 |  2.6
Throwing       | |  0.8
Spellcasting   | |  1.7
Translocations | |  2.6

Action                   |  1- 3 |  4- 6 || total
-------------------------+-------+-------++-------
Melee: Falchion          |   168 |   101 ||   269
Evoke: Wand              |       |     6 ||     6
  Use: Scroll            |     7 |     2 ||     9
       Potion            |       |     4 ||     4
 Stab: Sleeping          |     1 |       ||     1
  Eat: Chunk             |     4 |     2 ||     6
       Fruit             |     2 |       ||     2
       Meat ration       |       |     1 ||     1
Armor: Leather armour    |    13 |       ||    13
       Ring mail         |    42 |    18 ||    60
       Skin              |       |     2 ||     2
Dodge: Dodged            |    94 |    57 ||   151
Block: Other             |       |    12 ||    12
       Rpst.: Falchion   |    26 |    15 ||    41

Table legend:
 A = Spawn XP
 B = Non-spawn XP
 C = Spawn XP percentage of total XP
 D = Spawn monster count
 E = Non-spawn monster count
 F = Spawn count percentage of total count
 G = Total turns spent on level
                    A         B        C        D         E        F      G
               +---------+---------+-------+---------+---------+-------+---------
         Total |      95 |     197 |  32.5 |      17 |      52 |  24.6 |  4674
               +---------+---------+-------+---------+---------+-------+---------
           D:1 |       4 |      28 |  12.5 |       2 |      16 |  11.1 |   847
           D:2 |      11 |      33 |  25.0 |       4 |      13 |  23.5 |  1736
           D:3 |      41 |      89 |  31.5 |      10 |      19 |  34.5 |  1625
           D:4 |      39 |      47 |  45.3 |       1 |       4 |  20.0 |   466
               +---------+---------+-------+---------+---------+-------+---------
